 Dungeon Crawl Stone Soup version 0.28-a0-1286-g6bde065e89 (webtiles) character file.

Game seed: 5523406689433014113

2580 chakani the Grappler (level 9, 0/64 HPs)
             Began as a Pale Draconian Transmuter on Dec 26, 2021.
             Was a Priest of the Shining One.
             Slain by a death yak (3 damage)
             ... while petrified by a basilisk
             ... on level 8 of the Dungeon on Dec 27, 2021.
             The game lasted 00:10:31 (7523 turns).

chakani the Grappler (Pale Draconian Transmuter)    Turns: 7523, Time: 00:10:32

Health: 0/64       AC: 10    Str: 12    XL:     9   Next: 32%
Magic:  21/21      EV:  2    Int: 16    God:    the Shining One [***...]
Gold:   382        SH:  0    Dex: 13    Spells: 9/12 levels left

rFire   + . .      SeeInvis .     - Unarmed
rCold   . . .      Faith    .   (no shield)
rNeg    + + +      Spirit   .   (armour unavailable)
rPois   ∞          Reflect  .   (helmet restricted)
rElec   .          Harm     .   n - +2 ratskin cloak {*Rats rPois rN+ Str-1 Int-1 Dex+1}
rCorr   .          Rampage  .   (no gloves)
Will    .....                   (no boots)
Stlth   ..........              s - amulet of regeneration
HPRegen 1.00/turn               p - ring of magical power
MPRegen 0.17/turn               i - ring of protection from fire

@: silenced, petrified, weak-willed, glowing
A: breathe steam, AC +7, unfitting armour, cold-blooded, steam resistance
a: Breathe Steam, Renounce Religion


You were on level 8 of the Dungeon.
You worshipped the Shining One.
The Shining One was most pleased with you.
You visited 1 branch of the dungeon, and saw 8 of its levels.

You collected 382 gold pieces.

Inventory:

Missiles
 b - 2 throwing nets
Armour
 n - the +2 ratskin cloak (worn) {*Rats rPois rN+ Str-1 Int-1 Dex+1}
   (You found it on level 5 of the Dungeon)

   When the wearer is hurt, rats may emerge from it to assist them.
   Str:       It affects your strength (-1).
   Int:       It affects your intelligence (-1).
   Dex:       It affects your dexterity (+1).
   rPois:     It protects you from poison.
   rN:        It protects you from negative energy.
Jewellery
 i - a ring of protection from fire (right hand)
 p - a ring of magical power (left hand)
 q - an amulet of the acrobat
 s - an amulet of regeneration (around neck)
Wands
 j - a wand of charming (10)
 x - a wand of flame (23)
Scrolls
 c - 3 scrolls of teleportation {unknown}
 e - a scroll of silence
 g - 6 scrolls of identify {unknown}
 h - a scroll of fog {unknown}
 l - 2 scrolls of enchant armour
 m - a scroll of enchant weapon
 o - a scroll of vulnerability
 v - a scroll of immolation {unknown}
 y - a scroll of acquirement {unknown}
 z - a scroll of amnesia {unknown}
Potions
 a - a potion of haste {unknown}
 d - a potion of flight {unknown}
 f - 2 potions of magic {unknown}
 k - a potion of mutation {unknown}
 r - a potion of might {unknown}
 t - a potion of degeneration {unknown}
 u - 2 potions of heal wounds {unknown}
 w - a potion of invisibility {unknown}


   Skills:
 - Level 1.1 Fighting
 - Level 1.7 Dodging
 - Level 10.9 Unarmed Combat
 - Level 2.0 Spellcasting
 + Level 7.5 Transmutations


You had 9 spell levels left.
You knew the following spells:

 Your Spells              Type           Power      Damage    Failure   Level
a - Beastly Appendage     Tmut           50%        N/A       1%          1
b - Wereblood             Tmut           25%        N/A       1%          2

Your spell library contained the following spells:

 Spells                   Type           Power      Damage    Failure   Level
 Spider Form              Tmut/Pois      13%        N/A       13%         3
 Animate Skeleton         Necr           2%         N/A       21%         1
 Foxfire                  Conj/Fire      4%         2x1d4     21%         1
 Pain                     Necr           4%         1d4       21%         1
 Static Discharge         Conj/Air       1%         N/A       30%         2
 Ice Form                 Ice/Tmut       13%        N/A       41%         4
 Conjure Flame            Conj/Fire      1%         6-21      52%         3
 Gell's Gravitas          Tloc           1%         N/A       52%         3
 Inner Flame              Hex/Fire       1%         N/A       52%         3
 Teleport Other           Tloc           1%         N/A       52%         3
 Vampiric Draining        Necr           1%         2d6       52%         3
 Dispel Undead            Necr           1%         3d6       90%         4
 Flame Wave               Conj/Fire      1%         2d4       90%         4
 Sticky Flame             Conj/Fire      1%         2d3       90%         4
 Lightning Bolt           Conj/Air       0%         1d11      99%         5
 Summon Forest            Summ/Tloc      0%         N/A       99%         5
 Dispersal                Tloc           0%         N/A       100%        6
 Eringya's Noxious Bog    Tmut/Pois      6%         N/A       100%        6
 Summon Hydra             Summ           0%         N/A       100%        7
 Maxwell's Capacitive Co  Air            0%         ∞         100%        8


Dungeon Overview and Level Annotations

Branches:
Dungeon (8/15)             Temple (0/1) D:4            Lair (0/6) D:8

Altars:
Dithmenos
The Shining One

Shops:
D:1 (   D:5 (


Innate Abilities, Weirdness & Mutations

You can breathe blasts of scalding, opaque steam.
Your pale cyan-grey scales are hard. (AC +7)
You cannot fit into any form of body armour.
You are cold-blooded and may be slowed by cold attacks.
You are immune to the effects of steam.


Message History

The basilisk bites you but does no damage.
The basilisk bites you.
The death yak gores you but does no damage.
The basilisk gazes at you. You resist with some effort.
You turn to flesh and can move again.
The basilisk closely misses you.
Unknown command.
Found an amulet of the acrobat.
As you read the scroll labelled VUDOKHE JAPTEE, it crumbles to dust.
It is a scroll of enchant armour.
You aren't carrying any armour which can be enchanted further.
As you read the scroll labelled TILOIC UDACU, it crumbles to dust.
It is a scroll of enchant weapon.
You aren't carrying any weapons that can be enchanted.
The death yak gores you.
As you read the scroll labelled GEUPTE OFRAYM, it crumbles to dust.
Magic quickly surges around you.
It was a scroll of vulnerability.
The death yak gores you! The basilisk bites you!
As you read the scroll labelled PEHUTHR SYTAU, it crumbles to dust.
A profound silence engulfs you.
It was a scroll of silence.
The death yak barely misses you. The basilisk gazes at you.
You are slowing down.
The basilisk bites you but does no damage.
The death yak gores you!!
* * * LOW HITPOINT WARNING * * *
Your limbs are stiffening.
The basilisk gazes at you.
Your limbs have turned to stone.
You have turned to stone.
The basilisk gazes at you. You resist with significant effort.
The death yak gores you!!
* * * LOW HITPOINT WARNING * * *
The basilisk bites you but does no damage.
The death yak gores you but does no damage.
The basilisk gazes at you. The basilisk bites you!
* * * LOW HITPOINT WARNING * * *
The death yak gores you!
You die...

....... .......####.
....##.......
.............###
...............#####
.............#.#...#
..........#.#......#
..........#.#..l...#
...............Y@.#
...............l..#
................".#
..#..........######
..##.........# ###
..##.........# ##.##
..####.......####...##
...............##>...#
................#....#


You could see a death yak (weak-willed) and 2 basilisks.

Vanquished Creatures
  A troll (D:6)
  A wyvern (D:8)
  A steam dragon (D:6)
  2 sky beasts
  2 orc warriors
  A black bear (D:4)
  An ice beast (D:6)
  2 necrophages (D:7)
  A centaur (D:6)
  An ogre (D:5)
  A kobold brigand (D:7)
  2 bullfrogs
  A scorpion (D:4)
  A howler monkey (D:4)
  2 orc priests
  Crazy Yiuf (D:7)
  2 hounds (D:5)
  2 jellies
  3 iguanas
  An orc wizard (D:7)
  5 hell rats (D:5)
  4 gnolls (D:5)
  17 river rats (D:5)
  4 adders
  A shadow imp (D:6)
  A white imp (D:7)
  An ufetubus (D:5)
  An adder skeleton (D:4)
  2 adder zombies (D:5)
  2 worms (D:2)
  3 dart slugs
  19 orcs
  9 ball pythons
  9 endoplasms
  6 giant cockroaches
  8 goblins
  6 hobgoblins
  12 jackals
  6 quokkas
  3 bats (D:2)
  3 frilled lizards (D:1)
  14 kobolds
  2 rats (D:2)
167 creatures vanquished.

Vanquished Creatures (collateral kills)
  A black bear (D:7)
  A kobold (D:7)
2 creatures vanquished.

Vanquished Creatures (others)
  4 plants (D:2)
4 creatures vanquished.

Grand Total: 173 creatures vanquished

Notes
Turn   | Place    | Note
-------+----------+-------------------------------------------
     0 | D:1      | chakani the Draconian Transmuter began the quest for the
                  | Orb.
     0 | D:1      | Reached XP level 1. HP: 16/16 MP: 3/3
    56 | D:1      | Found Gygecos's Weapon Shoppe.
    97 | D:2      | Reached XP level 2. HP: 8/23 MP: 5/5
   112 | D:1      | HP: 1/23 [kobold (4)]
   524 | D:1      | Found a faded altar of an unknown god.
   530 | D:1      | Prayed at the altar of an unknown god.
   530 | D:1      | Became a worshipper of the Shining One
   530 | D:1      | Reached * piety under the Shining One
   597 | D:1      | Reached skill level 4 in Unarmed Combat
   644 | D:1      | Reached XP level 3. HP: 23/28 MP: 6/6
  1608 | D:2      | Learned a level 2 spell: Wereblood
  1669 | D:2      | Reached XP level 4. HP: 35/35 MP: 7/7
  1757 | D:2      | Reached skill level 5 in Unarmed Combat
  2503 | D:3      | Reached XP level 5. HP: 35/40 MP: 6/8
  3094 | D:4      | Reached skill level 6 in Unarmed Combat
  3163 | D:4      | Found a staircase to the Ecumenical Temple.
  3163 | D:4      | Noticed a sky beast
  3198 | D:4      | Killed a sky beast
  3199 | D:4      | Reached skill level 7 in Unarmed Combat
  3199 | D:4      | Reached XP level 6. HP: 34/47 MP: 9/9
  3587 | D:4      | Reached skill level 8 in Unarmed Combat
  4004 | D:5      | Entered Level 5 of the Dungeon
  4008 | D:5      | Your scales start taking on a pale cyan-grey colour.
  4008 | D:5      | Reached XP level 7. HP: 52/52 MP: 10/10
  4008 | D:5      | Gained mutation: You are immune to the effects of steam.
                  | [Pale Draconian growth]
  4188 | D:5      | Found Ritayl's Antique Weapon Boutique.
  4259 | D:5      | Reached ** piety under the Shining One
  4288 | D:5      | Reached skill level 9 in Unarmed Combat
  4345 | D:5      | Found the +2 ratskin cloak {*Rats rPois rN+ Str-1 Int-1
                  | Dex+1}
  4608 | D:5      | Reached XP level 8. HP: 52/59 MP: 11/11
  4907 | D:5      | Reached skill level 10 in Unarmed Combat
  5334 | D:6      | Noticed a troll
  5348 | D:6      | Killed a troll
  6405 | D:7      | Reached *** piety under the Shining One
  6417 | D:7      | Reached skill level 5 in Transmutations
  6689 | D:7      | Reached XP level 9. HP: 59/64 MP: 12/12
  7138 | D:7      | Found a runed translucent door.
  7139 | D:7      | Noticed Crazy Yiuf
  7266 | D:7      | Killed Crazy Yiuf
  7372 | D:8      | Found a shadowy altar of Dithmenos.
  7484 | D:8      | Found a staircase to the Lair.
  7484 | D:8      | Noticed a death yak
  7523 | D:8      | HP: 3/64 [basilisk (6)]
  7523 | D:8      | Slain by a death yak

Illustrated notes

Levels and vault maps discovered:
D:1:      matt_arrival_los_fun, layout_loops_ring, serial_shops, shop,
          shapermc_ecumenical_altar_acropolis, st_stairs_6, dk_noncrumbling_3
D:2:      layout_basic, serial_forest, infiniplex_forest_clump_large,
          infiniplex_forest_end_1, infiniplex_forest_clump_curved,
          infiniplex_forest_lined_ring, infiniplex_forest_clump_curved
D:3:      layout_loops_cross
D:4:      layout_loops_cross, minmay_temple_entry_sparse_star
D:5:      wander_guarded_unrand_ratskin, layout_basic, serial_shops,
          nicolae_shop_stone, portal_sewer_entry_f
D:6:      layout_basic
D:7:      layout_loops_ring, uniq_crazy_yiuf_cottage
D:8:      layout_cave_pools, nicolae_dithmenos_the_darkroom, david_lair_generic,
          water_maze_lemuel

Skill      XL: |  1  2  3  4  5  6  7  8  9 |
---------------+----------------------------+-----
Unarmed Combat | 4 5 7 8 9 10 | 10.9
Transmutations | 5 7 |  7.5
Fighting       | |  1.1
Dodging        | |  1.7
Spellcasting   | |  2.0

Action                   |  1- 3 |  4- 6 |  7- 9 || total
-------------------------+-------+-------+-------++-------
Melee: Unarmed           |   130 |   117 |   189 ||   436
       Tailslap          |     9 |    12 |    15 ||    36
       Punch             |     1 |       |     7 ||     8
       Headbutt          |     2 |     6 |     2 ||    10
       Kick              |     2 |    10 |     2 ||    14
 Cast: Beastly Appendage |     2 |     6 |     3 ||    11
       Wereblood         |     1 |     2 |     1 ||     4
 Abil: Breathe Steam     |       |       |    25 ||    25
  Use: Scroll            |       |       |     4 ||     4
Armor: Skin              |    25 |    30 |    49 ||   104
Dodge: Dodged            |    75 |    58 |    98 ||   231

Table legend: (Time is in decaauts)
 A = Elapsed time spent in this place.
 B = Non-inter-level travel time spent in this place.
 C = Inter-level travel time spent in this place.
 D = Time resting spent in this place.
 E = Time spent auto-exploring this place.
 F = Levels seen in this place.
 G = Mean time per level.
                   A        B        C        D        E       F      G
               +--------+--------+--------+--------+--------+-----+--------+
         Total |   7474 |   7316 |    158 |    878 |   5309 |   8 |  934.2 |
       Dungeon |   7474 |   7316 |    158 |    878 |   5309 |   8 |  934.2 |
               +--------+--------+--------+--------+--------+-----+--------+

Top non-repeatable levels by time:
     D:5: 1252 daAuts
     D:1: 1204 daAuts
     D:6: 1108 daAuts
     D:2: 1090 daAuts
     D:4: 977 daAuts
     D:7: 920 daAuts
     D:3: 711 daAuts
     D:8: 210 daAuts
